 Dungeon Crawl Stone Soup version 0.31-a0-986-g5e6e4ef867 (webtiles) character file.

Game seed: 9708111199157263750

405 monsoonserge the Ruffian (level 6, -9/48 HPs)
             Began as a Draconian Shapeshifter on Nov 17, 2023.
             Was an Initiate of Elyvilon.
             Mangled by an ogre
             ... wielding a +0 giant spiked club
              (12 damage)
             ... on level 4 of the Dungeon.
             The game lasted 00:06:59 (2943 turns).

monsoonserge the Ruffian (Draconian Shapeshifter)   Turns: 2943, Time: 00:07:00

Health: -9/48      AC:  6    Str: 18    XL:     6   Next: 56%
Magic:  6/6        EV: 12    Int: 10    God:    Elyvilon [......]
Gold:   222        SH:  0    Dex: 11    Spells: 5/5 levels left

rFire   . .          .
                       - Unarmed
rCold   . . .        (no shield)
rNeg    . . .        (body armour unavailable)
rPois   .            (helmet currently unavailable)
rElec   .            (cloak currently unavailable)
rCorr   .            (gloves currently unavailable)
SInv    .            (boots currently unavailable)
Will    .....        q - amulet of the acrobat
Stlth   +            (no ring)
HPRegen 0.28/turn    (no ring)
MPRegen 0.10/turn

%: acrobat
@: beast-form
A: beast (slay +2), AC +6, unfitting armour, cold-blooded
a: Begin Untransformation, Renounce Religion


You were on level 4 of the Dungeon.
You worshipped Elyvilon.
Elyvilon was noncommittal.
You were a hulking beast.
You visited 1 branch of the dungeon, and saw 4 of its levels.

You collected 222 gold pieces.

Inventory:

Missiles
 g - 4 darts of dispersal
 h - 3 poisoned darts (quivered)
Armour
 f - a +0 pair of boots
 o - a +0 pair of gloves
Magical Staves
 v - a staff of fire
Jewellery
 p - a ring of ice
 q - an amulet of the acrobat (around neck)
Talismans
 b - a beast talisman
 c - a flux talisman
 s - a storm talisman
Wands
 t - a wand of roots (7)
Scrolls
 e - 8 scrolls of identify {unknown}
 i - 2 scrolls of torment {unknown}
 j - a scroll of enchant weapon {unknown}
 l - a scroll of blinking {unknown}
 u - a scroll of poison {unknown}
 w - a scroll of amnesia {unknown}
Potions
 a - a potion of lignification
 d - a potion of haste {unknown}
 k - 2 potions of curing {unknown}
 m - a potion of heal wounds {unknown}
 n - 2 potions of mutation {unknown}
 r - 2 potions of might {unknown}
 x - a potion of attraction {unknown}


   Skills:
 + Level 1.8 Fighting
 + Level 3.0 Dodging
 - Level 1.0 Stealth
 + Level 6.1 Unarmed Combat
 + Level 3.7 Shapeshifting


You had 5 spell levels left.
You didn't know any spells.
Your spell library contained the following spells:

 Spells                   Type           Power      Damage    Failure   Level
 Shock                    Conj/Air       0%         1d3       36%         1
 Swiftness                Air            0%         N/A       75%         3
 Airstrike                Air            0%         2d(0-16)  98%         4


Dungeon Overview and Level Annotations

Branches:
Dungeon (4/15)
 Temple: D:4-7

Altars:
Dithmenos
Elyvilon
Fedhas
Gozag
Hepliaklqana
Uskayaw
Xom
Yredelemnul
Zin

Shops:
D:2 (


Innate Abilities, Weirdness & Mutations

You are a hulking beast.
Your limbs bulge with bestial killing power. (Slay +2)
Your plain brown scales are hard. (AC +6)
You cannot fit into any form of body armour.
You are cold-blooded and may be slowed by cold attacks.


Message History

You punch Natasha!
Natasha is almost dead.
You hit Natasha.
You kill Natasha!
You feel Natasha's spirit has finally been put to rest.
The cerulean imp disappears in a puff of smoke! x2
Your Dodging skill increases to level 3!
You see here the felid corpse of Natasha.
You punch the adder!
The adder is severely wounded.
The adder bites you.
You miss the adder.
The adder is severely wounded.
The adder bites you but does no damage.
You punch the adder!
You kill the adder!
x - a pink potion You now have 222 gold pieces (gained 13).
Found a glowing silver altar of Zin.
Found a hazy altar of Hepliaklqana.
Found a basalt altar of Yredelemnul.
An ogre comes into view. It is wielding a +0 giant spiked club.
Found 7 stones.
The ogre shouts!
You barely miss the ogre.
The ogre hits you with a +0 giant spiked club!!
You hit the ogre. You tail-slap the ogre.
The ogre is moderately wounded.
You hit the ogre. You tail-slap the ogre!
The ogre is severely wounded.
The ogre hits you with a +0 giant spiked club!!
* * * LOW HITPOINT WARNING * * *
Unknown command.
Okay, then.
You hit the ogre.
The ogre is severely wounded.
You barely miss the ogre. You tail-slap the ogre.
The ogre is almost dead.
The ogre hits you with a +0 giant spiked club!
You die...

.........#.#####....#
#..........
#####.##............#
#.#########
#####.####.#####..#.###.#######
........##...###..#)....[......
..................#####.#######
.####.######.###.## #.# .
#.######.###.## #..
.####.............# ####
.......#####.###h.#
.<####.#####.##O..# ..#
#(......#....# ..#
##.#####.#.(..#
..###...####.#.##.#
.............#. .#
..############# .#
..##_#⌠###_#### .#
..#8.#.#.#.#..#


You could see an ogre.

Vanquished Creatures
  A jelly (D:4)
  A hound (D:3)
  Jessica (D:3)
  Terence (D:3)
  2 orc wizards
  Natasha (thrice) (D:4)
  An iguana (D:3)
  7 adders
  2 worms (D:2)
  A dart slug (D:2)
  9 orcs
  2 bats
  9 endoplasms
  3 giant cockroaches
  7 goblins
  7 hobgoblins
  3 quokkas
  4 ball pythons
  8 kobolds
  3 rats
75 creatures vanquished.

Notes
Turn   | Place    | Note
-------+----------+-------------------------------------------
     0 | D:1      | monsoonserge the Draconian Shapeshifter began the quest for
                  | the Orb.
     0 | D:1      | Reached XP level 1. HP: 16/16 MP: 1/1
   392 | D:1      | Reached XP level 2. HP: 23/23 MP: 2/2
   874 | D:2      | Reached XP level 3. HP: 26/28 MP: 3/3
   915 | D:2      | Found Cuezxal's Weapon Shop.
  1264 | D:2      | Reached skill level 4 in Unarmed Combat
  1519 | D:2      | Reached XP level 4. HP: 31/35 MP: 4/4
  1770 | D:3      | Noticed Jessica
  1774 | D:3      | Killed Jessica
  1781 | D:3      | Found a hide-covered altar of Uskayaw.
  1822 | D:3      | Found a blossoming altar of Fedhas.
  1838 | D:3      | Identified the +4 dagger of the Supporting Gods {elec,
                  | rElec}
  1846 | D:3      | Reached skill level 1 in Stealth
  1918 | D:3      | Noticed Terence
  1928 | D:3      | Killed Terence
  2056 | D:3      | Reached skill level 5 in Unarmed Combat
  2056 | D:3      | Reached XP level 5. HP: 40/40 MP: 5/5
  2287 | D:3      | Found an opulent altar of Gozag.
  2488 | D:4      | Noticed Natasha
  2492 | D:4      | Killed Natasha
  2527 | D:4      | Reached XP level 6. HP: 42/48 MP: 6/6
  2564 | D:4      | Noticed Natasha
  2577 | D:4      | Killed Natasha
  2578 | D:4      | Reached skill level 6 in Unarmed Combat
  2766 | D:4      | Found a shimmering altar of Xom.
  2806 | D:4      | Found a white marble altar of Elyvilon.
  2814 | D:4      | Became a worshipper of Elyvilon the Healer
  2866 | D:4      | Found a shadowy altar of Dithmenos.
  2867 | D:4      | Noticed Natasha
  2875 | D:4      | Killed Natasha
  2897 | D:4      | Found a glowing silver altar of Zin.
  2898 | D:4      | Found a hazy altar of Hepliaklqana.
  2899 | D:4      | Found a basalt altar of Yredelemnul.
  2941 | D:4      | HP: 2/48 [ogre/+0 giant spiked club (23)]
  2943 | D:4      | Mangled by an ogre

Illustrated notes

Levels and vault maps discovered:
D:1:      nicolae_arrival_somewhat_less_tricky_arrival, layout_loops_corners
D:2:      minmay_chambers_of_twos, layout_basic, serial_shops, shop,
          kennysheep_path_1, minmay_hexomino_u4
D:3:      layout_rooms, mainiacjoe_overflow_boulevard,
          mainiacjoe_overflow_alcove_2, nicolae_uskayaw_dance_hall,
          kennysheep_generic_room_10, uniq_jessica, uniq_terence
D:4:      layout_loops_ring, mainiacjoe_overflow_brackets, minitemple,
          elyvilon_altar_5, minmay_temple_entry_mist, uniq_natasha

Skill      XL: |  1  2  3  4  5  6 |
---------------+-------------------+-----
Unarmed Combat | 4 5 6 |  6.1
Dodging        | 2 3 |  3.0
Stealth        | 1 |  1.0
Fighting       | |  1.8
Shapeshifting  | |  3.7

Action                     |  1- 3 |  4- 6 || total
---------------------------+-------+-------++-------
  Melee: Unarmed           |    93 |   143 ||   236
         Tailslap          |     8 |    11 ||    19
         Punch             |     2 |     2 ||     4
   Stab: Sleeping          |     1 |     3 ||     4
         Distracted        |       |     1 ||     1
 Armour: Skin              |    44 |    71 ||   115
  Dodge: Dodged            |    47 |    74 ||   121

Table legend: (Time is in decaauts)
 A = Elapsed time spent in this place.
 B = Non-inter-level travel time spent in this place.
 C = Inter-level travel time spent in this place.
 D = Time resting spent in this place.
 E = Time spent auto-exploring this place.
 F = Levels seen in this place.
 G = Mean time per level.
                   A        B        C        D        E       F      G
               +--------+--------+--------+--------+--------+-----+--------+
         Total |   2923 |   2897 |     26 |    186 |   1833 |   4 |  730.8 |
       Dungeon |   2923 |   2897 |     26 |    186 |   1833 |   4 |  730.8 |
               +--------+--------+--------+--------+--------+-----+--------+

Top non-repeatable levels by time:
     D:2: 917 daAuts
     D:1: 847 daAuts
     D:3: 706 daAuts
     D:4: 452 daAuts
